[Event "*** Titled Tuesday 3|2 Blitz"]
[Site "Chess.com"]
[Date "2016.02.02"]
[Round "5"]
[White "ChadaevNikolay"]
[Black "oskariot"]
[Result "1/2-1/2"]
[WhiteElo "2510"]
[BlackElo "2338"]
[TimeControl "180+2"]
[EndTime "12:07:12 PST"]
[Termination "Game drawn by agreement"]

1. e4 c5 2. Nc3 e6 3. Nf3 Nc6 4.
d4 cxd4 5. Nxd4 Qc7 6. Be3 a6 7. Qf3 Bb4 8. Qg3 Qxg3 9. hxg3 Nf6 10. f3 d5 11. O-O-O Bxc3 12. bxc3 Bd7 13. Nxc6 Bxc6 14.
e5 Nd7 15. f4 Rc8 16. Kd2 b5 17. Bd3 g6 18. g4 Bb7 19. Rh3 Ke7 20. Rdh1 d4 21. cxd4 Bxg2 22. f5 Bxh1 23. Rxh1 Nb6 24. Bg5+ Kd7 25. Bf6 Rhf8 26. Rxh7 gxf5 27. gxf5 Nd5 28.
Bg7 Rg8 29. f6 Rc7 30. a3 Kc8 31. Rh1 Kb7 32. Rb1 Nb6 33. a4 Nc4+ 34. Ke2 Kb6 35.
axb5 axb5 36. Ra1 Rd8 37. c3 Nb2 38. Rb1 Nxd3 39. Kxd3 Ra8 40. Bh6 Ra3 41. Bd2 Ra8 42. Be3 Kc6 43. Ke4 Ra3 44. Bd2 Ra2 45. Kd3 Rc8 46. Rg1 Rc7 47. Rg8 Rd7 48. Rc8+ Kb7 49. Re8 Kc6 50. Be3 Kb7 51. Ke4 Ra8 52. Re7 Rxe7 53.
fxe7 Re8 54. Bg5 Kc6 55. Bf6 Ra8 56. Kd3 Kd7 57. Kc2 Kc6 58. Kb3 Re8 59. Kb4 Ra8 60. Bh4 Ra4+ 61. Kb3 Ra8 62. Bg5 Re8 63. Kc2 Ra8 64.
Bc1 Kd7 65. Bg5 Ra1 66. Kb3 Rg1 67. Bf6 Rg3 68. Kb4 Rd3 69. Bg5 Rg3 70. Bf6 Rh3 71. Bg5 Rg3 72. Bd2 Rd3 73. Be1 Rd1 74. Bh4 Rh1 75. Bf6 Rh3 76. Kb3 Rg3 77. Kb4 Rf3 78. Kb3 Rh3 79. Kb4 Rf3 1/2-1/2

[Event "*** Titled Tuesday 3|2 Blitz"]
[Site "Chess.com"]
[Date "2016.02.02"]
[Round "5"]
[White "alturas_pacificas"]
[Black "Journey_to_GrandMaster_YT"]
[Result "1-0"]
[WhiteElo "2027"]
[BlackElo "2248"]
[TimeControl "180+2"]
[EndTime "12:07:27 PST"]
[Termination "alturas_pacificas won by resignation"]

1. d4 Nf6 2. Bf4 e6 3. e3 c5 4. c3 Qb6 5. Qb3 Qxb3 6. axb3 cxd4 7. exd4 Nc6 8. Nf3 Be7 9. Nbd2 O-O 10. Bd3 d5 11. O-O a6 12. b4 b5 13. Bxb5 Bb7 14.
Bd3 Nd7 15. Rfe1 Rfc8 16. Nb3 h6 17. h3 g5 18. Bg3 Nb6 19. Nc5 Bxc5 20. bxc5 Nc4 21.
b3 N4a5 22. Nd2 Ra7 23. Ra3 Ba8 24. Rea1 f5 25. f4 gxf4 26. Bxf4 e5 27. dxe5 Nb7 28. b4 d4 29. cxd4 a5 30. b5 Nxd4 31. c6 Nc5 32. b6 Nxd3 33. Rxd3 Ne2+ 34. Kh2 Nxf4 35.
Rg3+ Rg7 36. b7 Bxb7 37. cxb7 Rb8 38. Rb1 Ne6 39. Nc4 a4 40. Na5 Rxg3 41. Kxg3 Nc5 42. Rb5 Nd7 43. Nc6 Re8 44. b8=Q Nxb8 45. Nxb8 a3 46.
Na6 a2 47. Ra5 Rxe5 48. Rxa2 Kg7 49. Kf4 Rb5 50. Nc7 Rb7 51. Ne6+ Kf6 52. Nd4 Rb4 53.
Rd2 Ra4 54. Rd3 h5 55. g3 Rb4 56. h4 Ra4 57. Kf3 Ke5 58. Ne2 Rb4 59. Nf4 Rb1 60. Nxh5 Rf1+ 61. Kg2 Rb1 62. Re3+ Kd4 63. Re2 Kd3 64.
Nf4+ Kd4 65. h5 Rb6 66. Re6 Rb2+ 67. Kh3 Rb7 68. Kh4 Rg7 69. h6 Rh7 70. Kh5 1-0

[Event "*** Titled Tuesday 3|2 Blitz"]
[Site "Chess.com"]
[Date "2016.02.02"]
[Round "5"]
[White "BillieKimbah"]
[Black "pedromartinez91"]
[Result "1-0"]
[WhiteElo "2398"]
[BlackElo "1976"]
[TimeControl "180+2"]
[EndTime "12:07:45 PST"]
[Termination "BillieKimbah won by checkmate"]

1. d4 d5 2. Nf3 Nf6 3. Bf4 e6 4. e3 c5 5. c3 Bd6 6. Bg3 Nc6 7. Nbd2 Qc7 8. dxc5 Bxg3 9. hxg3 a5 10. a4 Nd7 11. Nb3 Nce5 12. Nxe5 Nxe5 13. Qd4 O-O 14. Be2 Bd7 15. Nd2 Ng6 16. O-O Bc6 17. Nf3 e5 18. Qd2 Qe7 19. b4 Rfd8 20. Bb5 Qd7 21. Qe2 h5 22. Rfd1 Qe8 23. Ng5 h4 24. gxh4 Nxh4 25. Qh5 Ng6 26. e4 Bxb5 27. axb5 dxe4 28. Rxd8 Qxd8 29.
Rd1 Qe8 30. bxa5 Qxb5 31. Nxf7 Kxf7 32. Qf5+ Kg8 33. Qxg6 Qxc5 34. Rd7 Qf8 35. Qe6+ Kh8 36. Qh3+ Kg8 37. Qe6+ Kh8 38. Rf7 Qg8 39. Qf5 Qh7 40. Qxe5 Rd8 41. Rd7 Rxd7 42. Qe8+ Qg8 43. Qh5+ Qh7 44.
Qe8+ Qg8 45. Qxd7 Qb3 46. Qe8+ Kh7 47. Qxe4+ Kh8 48. Qe8+ Kh7 49. Qh5+ Kg8 50. Qe5 Qb1+ 51. Kh2 Qh7+ 52. Kg3 Qd3+ 53. f3 Qd7 54. c4 Qa4 55. Qd5+ Kh7 56. Qh5+ Kg8 57. Qb5 Qa1 58. Qe8+ Kh7 59. Qh5+ Kg8 60. Qd5+ Kh7 61. Qxb7 Qe5+ 62. f4 Qxa5 63. Qe4+ Kh6 64. Qe6+ g6 65. Qh3+ Kg7 66. Qd7+ Kh6 67. Qd3 Qe1+ 68. Kf3 Qe6 69. Qe4 Qb6 70. Qe5 Qb7+ 71. Kg3 Qb3+ 72. Kh4 Qxc4 73. Qh8# 1-0

[Event "*** Titled Tuesday 3|2 Blitz"]
[Site "Chess.com"]
[Date "2016.02.02"]
[Round "5"]
[White "lionheart95"]
[Black "IMRosen"]
[Result "1/2-1/2"]
[WhiteElo "2227"]
[BlackElo "2255"]
[TimeControl "180+2"]
[EndTime "12:08:40 PST"]
[Termination "Game drawn by stalemate"]

1. e4 c5 2. Nf3 e6 3. d4 cxd4 4. Nxd4 Nc6 5. Nb5 d6 6. c4 Nf6 7. N5c3 Be7 8. g3 O-O 9. Bg2 a6 10. O-O Qc7 11. Be3 b6 12. Na3 Bb7 13. Rc1 Ne5 14. h3 Rac8 15. f4 Ned7 16. g4 Rfd8 17. g5 Ne8 18. Qe2 Nf8 19. Rfd1 Rd7 20. Na4 Rb8 21.
Bxb6 Qc6 22. b3 e5 23. Be3 Ng6 24. fxe5 Nxe5 25. Nb6 Rdd8 26. Nd5 Bf8 27. Nc2 Bc8 28.
Nd4 Qa8 29. Rf1 a5 30. Rf2 Rb7 31. Rcf1 Re7 32. Nxe7+ Bxe7 33. Nf5 Bf8 34. Bd4 Be6 35. Bxe5 dxe5 36. Kh1 Qc6 37. Ne3 a4 38. Nd5 axb3 39.
axb3 Rb8 40. Rf3 Ra8 41. Qf2 Qb7 42. Qg3 Ra2 43. Rg1 Bc5 44. Rgf1 Bd4 45. Nf6+ gxf6 46. gxf6+ Kh8 47. Qh4 Qb4 48. Rg3 Bf2 49. Rxf2 Rxf2 50. Qg5 Qf8 51. Qxe5 Rxf6 52. c5 Qe7 53. b4 Ng7 54. b5 Rg6 55. Qb8+ Qe8 56. Qxe8+ Nxe8 57. Rxg6 hxg6 58. b6 Bc8 59. e5 f6 60. c6 Nc7 61.
bxc7 Kg7 62. exf6+ Kxf6 63. h4 Ke5 64. Kh2 Kd6 65.
Bh3 Kxc7 66. Bxc8 Kxc6 67. Kg3 Kd6 68. Kg4 Ke7 69. Kg5 Kf7 70. Be6+ Kg7 71. Bb3 Kh7 72. Kf6 Kh8 73. Kf7 Kh7 74. Kf6 Kh6 75. Bd1 Kh7 76. Bf3 Kh6 77. Bg4 Kh7 78. Kg5 Kg7 79. Be6 Kh7 80.
Bb3 Kg7 81. Bd1 Kh7 82. Kf6 Kh6 83. Be2 Kh7 84. Kf7 Kh8 85. Bd3 Kh7 86. h5 Kh8 87. hxg6 1/2-1/2

[Event "*** Titled Tuesday 3|2 Blitz"]
[Site "Chess.com"]
[Date "2016.02.02"]
[Round "5"]
[White "Smirnov_Pavel"]
[Black "ftorodent"]
[Result "1/2-1/2"]
[WhiteElo "2519"]
[BlackElo "2361"]
[TimeControl "180+2"]
[EndTime "12:08:44 PST"]
[Termination "Game drawn by stalemate"]

1. d4 d5 2. c4 e6 3. Nf3 Nf6 4. Nc3 Be7 5. Bf4 O-O 6. e3 Nbd7 7. Be2 dxc4 8. O-O Nb6 9. Ne5 c5 10. dxc5 Bxc5 11. Nxc4 Nxc4 12. Bxc4 Bd7 13. Qe2 Bc6 14. Rad1 Qe7 15. e4 Rfd8 16. e5 Nd5 17. Nxd5 Bxd5 18.
Bxd5 Rxd5 19. Rxd5 exd5 20. Qd3 Rd8 21. Kh1 Qe6 22. Bg3 Qg6 23. Qf3 Qe4 24. Qh5 Be7 25.
Rd1 d4 26. Qf3 Qxf3 27. gxf3 f5 28. f4 Kf7 29. Kg2 Ke6 30. Kf3 Kd5 31. Ke2 Rc8 32.
Kd3 Rc6 33. f3 Ra6 34. a3 Rb6 35. Kc2 Rc6+ 36. Kd3 Rb6 37. Kc2 Rc6+ 38. Kb3 Bc5 39.
Bf2 Bb6 40. Rd2 a6 41. Bg3 Ba7 42. Rd1 b5 43. Rd2 a5 44. Ka2 Rc1 45. Bf2 a4 46. b3 Rc3 47. bxa4 bxa4 48. e6 Kxe6 49. Bxd4 Bxd4 50. Rxd4 Rxf3 51. Rxa4 Rf2+ 52. Kb3 Rxh2 53. Ra7 g6 54. a4 Rh3+ 55. Kb4 Rf3 56. a5 Rxf4+ 57. Kb5 h5 58. a6 Rf1 59. Ra8 Rb1+ 60.
Kc4 h4 61. a7 Ra1 62. Re8+ Kf6 63. a8=Q Rxa8 64. Rxa8 g5 65. Kd3 h3 66. Ke2 g4 67.
Kf2 f4 68. Ra5 g3+ 69. Kf3 h2 70. Kg2 Ke6 71. Rh5 Kf6 72. Kf3 Kg6 73. Rh8 Kg7 74.
Rh4 Kg6 75. Kg2 Kg5 76. Rh8 Kg4 77. Rg8+ Kf5 78. Rf8+ Ke4 79. Re8+ Kf5 80. Rh8 Kg4 81.
Rg8+ Kf5 82. Rh8 Kg4 83. Kh1 Kf3 84. Ra8 Kf2 85. Ra2+ Kf3 86. Rb2 Ke3 87. Rb3+ Kf2 88. Rf3+ Kxf3 1/2-1/2

[Event "*** Titled Tuesday 3|2 Blitz"]
[Site "Chess.com"]
[Date "2016.02.02"]
[Round "5"]
[White "SabinoBrunello"]
[Black "HansCoolNiemann"]
[Result "1-0"]
[WhiteElo "2532"]
[BlackElo "2225"]
[TimeControl "180+2"]
[EndTime "12:09:57 PST"]
[Termination "SabinoBrunello won by resignation"]

1. d4 Nf6 2. c4 g6 3. Nc3 d5 4. Bg5 Bg7 5. Bxf6 Bxf6 6. cxd5 O-O 7. Nf3 c5 8. dxc6 Nxc6 9. e3 e5 10. dxe5 Nxe5 11. Nd4 Qb6 12. Qb3 Nc6 13. Qxb6 axb6 14. Nxc6 bxc6 15. a3 Be6 16. Rc1 Rfd8 17. Be2 Rd7 18.
Bf3 Rad8 19. Bxc6 Rd2 20. Ne4 Bxb2 21. Rb1 Rc2 22. Ba4 Rc4 23. Bb3 Rxe4 24. Rxb2 Ra8 25.
Bxe6 Rxe6 26. Rb3 b5 27. O-O Rea6 28. Rfb1 Rxa3 29. Rxb5 Ra1 30. g4 Rxb1+ 31. Rxb1 h6 32. Kg2 Kg7 33. Kg3 Ra4 34. Rb6 Rc4 35. h4 Rc5 36. f3 Ra5 37. e4 g5 38. Rd6 Ra3 39.
Rd5 gxh4+ 40. Kf4 Kg6 41. Rh5 Ra6 42. Rxh4 Rf6+ 43. Kg3 Ra6 44. Rh5 Rc6 45. Rd5 Kg7 46.
Kf4 Rf6+ 47. Kg3 Rb6 48. e5 Rb4 49. f4 Rb3+ 50. Kf2 Rb4 51. Kf3 Rb3+ 52. Ke4 Rg3 53.
Kf5 Ra3 54. Rd7 Ra6 55. Rd8 Rb6 56. Ke4 Rb4+ 57. Rd4 Rb6 58. f5 Rb1 59. Rd8 Re1+ 60. Kf4 Rf1+ 61. Kg3 Rg1+ 62. Kf3 Rf1+ 63. Kg2 Re1 64.
f6+ Kh7 65. Re8 Re2+ 66. Kf3 Re1 67. Kf4 Rf1+ 68. Ke4 Rg1 69. Kf3 Rf1+ 70. Kg2 Re1 71. Kf2 Re4 72. Kg3 Re3+ 73. Kf4 Re1 74. Kf5 Rf1+ 75.
Ke4 Re1+ 76. Kd5 Rg1 77. e6 fxe6+ 78. Kxe6 Re1+ 79. Kf7 Rg1 80. Re4 Ra1 81. Kf8 Ra6 82. f7 Rf6 83. Ke8 Kg7 84. Re7 Rxf7 85. Rxf7+ Kg6 86.
Rf5 h5 87. Rxh5 Kf6 88. Kd7 Kg6 89. Rf5 Kg7 90. Ke6 Kg6 91. Ke5 Kg7 92. Kf4 Kg6 93.
Rb5 Kg7 94. Rb6 Kf7 95. Kf5 Kg7 96. g5 Kg8 97. Rb7 Kf8 98. Kf6 Ke8 99. Rb8+ Kd7 100. Rf8 Kc7 101. g6 Kd6 102. g7 Kd5 103. g8=Q+ Ke4 104. Qc4+ Ke3 105. Rd8 Kf2 106. Rd3 1-0

[Event "*** Titled Tuesday 3|2 Blitz"]
[Site "Chess.com"]
[Date "2016.02.02"]
[Round "5"]
[White "Zazuliak"]
[Black "APL2001"]
[Result "1-0"]
[WhiteElo "2311"]
[BlackElo "2143"]
[TimeControl "180+2"]
[EndTime "12:10:23 PST"]
[Termination "Zazuliak won on time"]

1. d4 Nf6 2. c4 g6 3. Nc3 Bg7 4. e4 d6 5. Nf3 O-O 6. Be2 e5 7. O-O Nbd7 8. Be3 exd4 9. Nxd4 Nc5 10. f3 a5 11. Qd2 Re8 12. Rfe1 Bd7 13. Bf1 Qe7 14.
Rac1 c6 15. b3 Rad8 16. Kh1 Bc8 17. Bg5 Ne6 18. Nxe6 Bxe6 19. Na4 Qc7 20. Be3 Nd7 21.
Bd4 Bxd4 22. Qxd4 b6 23. Rcd1 Nc5 24. Nxc5 bxc5 25. Qf6 Qe7 26. Qc3 Qa7 27. Bd3 a4 28. Bc2 axb3 29. axb3 Qb6 30. Rd2 Rd7 31. Red1 Red8 32. h3 d5 33. cxd5 cxd5 34. exd5 Rxd5 35. Rxd5 Rxd5 36. Rxd5 Bxd5 37. Qe3 Qe6 38. Qxc5 Bxb3 39. Be4 Ba4 40. Qd4 Qd7 41. Qe5 Bb3 42. Kh2 Be6 43. h4 Qd8 44. Kg3 h5 45. Bxg6 fxg6 46. Qxe6+ Kg7 47. Qe5+ Kh7 48. Qf4 Qd1 49. Kh2 Qd7 50.
Qg3 Qe7 51. f4 Qf7 52. Qg5 Qc7 53. Kh3 Qc3+ 54. Kh2 Qc7 55. Qe5 Qf7 56. Kg3 Qd7 57. Qg5 Qd3+ 58. Kh2 Qd7 59. Qg3 Qe7 60. Qf2 Qc7 61.
Kg3 Qc3+ 62. Qf3 Qe1+ 63. Qf2 Qc3+ 64. Kh2 Qc7 65. g3 Qd7 66. Qc2 Qf7 67. Kg2 Qb7+ 68. Kh2 Qf7 69. Qe4 Kg7 70. Qe5+ Kh7 71. Qd6 Kg7 72. Kg2 Kh7 73. Kf3 Qb7+ 74. Ke3 Qb3+ 75. Ke4 Qb7+ 76. Ke5 Qb2+ 77. Ke6 Qb3+ 78. Ke7 Qxg3 79.
Kf7 Qg4 80. Qe6 Qxf4+ 81. Ke7 Qxh4+ 82. Kf7 Qf4+ 83. Ke7 Qc7+ 84. Ke8 1-0

[Event "*** Titled Tuesday 3|2 Blitz"]
[Site "Chess.com"]
[Date "2016.02.02"]
[Round "6"]
[White "Zkid"]
[Black "Zazuliak"]
[Result "0-1"]
[WhiteElo "2411"]
[BlackElo "2322"]
[TimeControl "180+2"]
[EndTime "12:13:32 PST"]
[Termination "Zazuliak won by resignation"]

1. e4 c5 2. Nf3 g6 3. d4 cxd4 4. Nxd4 Bg7 5. Nc3 Nc6 6. Be3 Nf6 7. Bc4 O-O 8. Bb3 d6 9. h3 Nxd4 10. Bxd4 Be6 11. Qd2 Qa5 12. O-O-O Rfc8 13. Kb1 b5 14. g4 Bxb3 15. cxb3 b4 16. Nd5 Nxd5 17. Bxg7 Nc3+ 18. bxc3 bxc3 19. Bxc3 Rxc3 20. Rc1 Rxb3+ 21. Kc2 Rb2+ 0-1

[Event "*** Titled Tuesday 3|2 Blitz"]
[Site "Chess.com"]
[Date "2016.02.02"]
[Round "6"]
[White "Journey_to_GrandMaster_YT"]
[Black "RamonManon0g"]
[Result "1-0"]
[WhiteElo "2253"]
[BlackElo "2116"]
[TimeControl "180+2"]
[EndTime "12:14:35 PST"]
[Termination "Journey_to_GrandMaster_YT won by resignation"]

1. d4 Nf6 2. c4 e6 3. Nc3 Bb4 4.
Qc2 c5 5. e3 O-O 6. Bd3 Nc6 7.
Ne2 d6 8. O-O Bxc3 9. bxc3 b6 10. d5 exd5 11. cxd5 Ne7 12. c4 Bg4 13. Bb2 Ng6 14. Ng3 Re8 15. Rae1 Ne5 16. f4 Nxd3 17. Qxd3 a6 18. e4 Nd7 19. e5 Nf8 20. Qc3 f6 21. h3 Bc8 22. exf6 Rxe1 23. f7+ Kxf7 24.
Qxg7+ Ke8 25. Rxe1+ 1-0

[Event "*** Titled Tuesday 3|2 Blitz"]
[Site "Chess.com"]
[Date "2016.02.02"]
[Round "6"]
[White "VSERGUEI"]
[Black "maciek_92"]
[Result "1-0"]
[WhiteElo "2443"]
[BlackElo "2461"]
[TimeControl "180+2"]
[EndTime "12:15:01 PST"]
[Termination "VSERGUEI won by resignation"]

1. d4 Nf6 2. c4 e6 3. Nc3 Bb4 4. f3 d5 5. a3 Bxc3+ 6. bxc3 O-O 7. cxd5 exd5 8. e3 Nh5 9. g3 c5 10. Bd3 Nc6 11. Ne2 Bh3 12. Kf2 c4 13. Bc2 f5 14.
Ng1 Bg4 15. Kg2 Qf6 16. h3 f4 17. hxg4 Nxg3 18. Rh3 h5 19. exf4 h4 20. g5 Qe6 21.
Rxh4 Nf5 22. Bxf5 Qxf5 23. Ne2 Na5 24. Ng3 Qe6 25. f5 1-0

[Event "*** Titled Tuesday 3|2 Blitz"]
[Site "Chess.com"]
[Date "2016.02.02"]
[Round "6"]
[White "tigra"]
[Black "AnthonyWirig"]
[Result "1-0"]
[WhiteElo "2412"]
[BlackElo "2517"]
[TimeControl "180+2"]
[EndTime "12:15:11 PST"]
[Termination "tigra won by resignation"]

1. e4 g6 2. d4 Bg7 3. Nc3 c6 4. h3 d6 5. Nf3 Nf6 6. Be2 O-O 7. a4 Qc7 8. a5 e5 9. Be3 Nbd7 10. O-O Re8 11.
Nd2 Rb8 12. Nc4 b5 13. axb6 axb6 14. dxe5 dxe5 15. Qd6 Qxd6 16. Nxd6 Rd8 17. Bc4 Rf8 18. Ra7 b5 19. Bb3 b4 20. Na4 c5 21. Rd1 Nb6 22. Nxc5 Bd7 23. Nxf7 Rxf7 24. Nxd7 Nbxd7 25. Rdxd7 Nxd7 26. Rxd7 Rf8 27. Bc5 Kh8 1-0

[Event "*** Titled Tuesday 3|2 Blitz"]
[Site "Chess.com"]
[Date "2016.02.02"]
[Round "6"]
[White "chessloveyou"]
[Black "pedromartinez91"]
[Result "1-0"]
[WhiteElo "2103"]
[BlackElo "1971"]
[TimeControl "180+2"]
[EndTime "12:15:19 PST"]
[Termination "chessloveyou won by checkmate"]

1. d4 d5 2. Nf3 Nf6 3. g3 e6 4. Bg2 Be7 5. O-O O-O 6. c4 dxc4 7. Ne5 Nc6 8. Bxc6 bxc6 9. Nxc6 Qe8 10. Nxe7+ Qxe7 11. Qa4 c5 12. Qa3 Bb7 13. Nc3 Rfc8 14. Bg5 h6 15.
Bxf6 Qxf6 16. dxc5 Qf5 17. Rad1 e5 18. Rd6 Bc6 19.
Qa6 Be8 20. Nd5 Kf8 21. Rxh6 gxh6 22. Qxh6+ Kg8 23. Ne7# 1-0

[Event "*** Titled Tuesday 3|2 Blitz"]
[Site "Chess.com"]
[Date "2016.02.02"]
[Round "6"]
[White "E-Shaposhnikov"]
[Black "Dr-Bassem"]
[Result "0-1"]
[WhiteElo "2507"]
[BlackElo "2482"]
[TimeControl "180+2"]
[EndTime "12:15:20 PST"]
[Termination "Dr-Bassem won by resignation"]

1. Nf3 Nf6 2. c4 g6 3. Nc3 Bg7 4. e4 d6 5. d4 O-O 6. Be2 e5 7. O-O Nc6 8. d5 Ne7 9. b4 a5 10. Ba3 b6 11. bxa5 Rxa5 12. Bb4 Ra8 13. a4 Re8 14. a5 c5 15. dxc6 Nxc6 16. Bxd6 Rxa5 17.
Rxa5 Nxa5 18. Bxe5 Qxd1 19. Rxd1 Nxe4 20. Nxe4 Bxe5 21.
Nxe5 Rxe5 22. Rd8+ Kg7 23. Rxc8 Rxe4 24. Kf1 Nb3 25.
Rc6 Rxe2 0-1

[Event "*** Titled Tuesday 3|2 Blitz"]
[Site "Chess.com"]
[Date "2016.02.02"]
[Round "6"]
[White "HovmoellerHest"]
[Black "Hafez_Bakr"]
[Result "1-0"]
[WhiteElo "2181"]
[BlackElo "1754"]
[TimeControl "180+2"]
[EndTime "12:15:25 PST"]
[Termination "HovmoellerHest won by resignation"]

1. d4 Nf6 2. c4 g6 3. Nc3 Bg7 4.
e4 d6 5. f3 O-O 6. Be3 e5 7. Nge2 Nc6 8. Qd2 exd4 9. Nxd4 Nxd4 10.
Bxd4 Re8 11. O-O-O h5 12. g3 Be6 13. Kb1 Re7 14. f4 Bg4 15. Be2 c5 16. Bxc5 Bxe2 17. Qxe2 Rd7 18. Bd4 Qa5 19. Nd5 Nxd5 20. exd5 Bxd4 21.
Rxd4 Qb6 22. Re4 Rc8 23. Re8+ 1-0

[Event "*** Titled Tuesday 3|2 Blitz"]
[Site "Chess.com"]
[Date "2016.02.02"]
[Round "6"]
[White "Smirnov_Pavel"]
[Black "oskariot"]
[Result "1-0"]
[WhiteElo "2523"]
[BlackElo "2334"]
[TimeControl "180+2"]
[EndTime "12:15:26 PST"]
[Termination "Smirnov_Pavel won by resignation"]

1. d4 Nf6 2. c4 g6 3. Nc3 Bg7 4. g3 d6 5. Bg2 O-O 6. Nf3 Nc6 7. O-O Bg4 8. Ne1 Qd7 9. Nc2 Bh3 10. e4 Bxg2 11. Kxg2 e6 12. Be3 d5 13. e5 Ne8 14.
cxd5 exd5 15. f4 Ne7 16. Qd3 c6 17. Rad1 Nc7 18. Bg1 Qf5 19. Qe2 h5 20. Ne3 Qd7 21. f5 Bh6 22. f6 Nc8 23. Nf5 gxf5 24. Qxh5 Ne6 25. Qxh6 Rd8 26. Rxf5 Qe8 27. Rg5+ 1-0

[Event "*** Titled Tuesday 3|2 Blitz"]
[Site "Chess.com"]
[Date "2016.02.02"]
[Round "6"]
[White "Parthenope"]
[Black "the_drake"]
[Result "0-1"]
[WhiteElo "1716"]
[BlackElo "2006"]
[TimeControl "180+2"]
[EndTime "12:15:28 PST"]
[Termination "the_drake won by resignation"]

1. e4 e5 2. Nf3 Nc6 3. Bb5 a6 4. Ba4 Nf6 5. O-O b5 6. Bb3 Be7 7. Re1 O-O 8. c3 d5 9. exd5 Nxd5 10. Nxe5 Nxe5 11. Rxe5 Bb7 12. Re1 Bf6 13. d4 Re8 14. Nd2 Nf4 15. f3 c5 16. dxc5 Qd3 17. Bc2 Rxe1+ 18. Qxe1 Qxc2 19. g3 Nd3 20. Qe2 Nxc1 0-1

[Event "*** Titled Tuesday 3|2 Blitz"]
[Site "Chess.com"]
[Date "2016.02.02"]
[Round "6"]
[White "Colombiano07"]
[Black "davidarenas1224"]
[Result "1-0"]
[WhiteElo "2171"]
[BlackElo "2089"]
[TimeControl "180+2"]
[EndTime "12:15:39 PST"]
[Termination "Colombiano07 won by resignation"]

1. d4 g6 2. Bf4 Bg7 3. e3 Nf6 4. Nf3 O-O 5. Be2 c5 6. O-O b6 7. c3 Bb7 8. Nbd2 d6 9. h3 Nbd7 10. a4 cxd4 11. exd4 Nd5 12. Bh2 Bh6 13. Re1 Nf4 14. Bf1 Rc8 15. a5 Re8 16. axb6 axb6 17. Nc4 Qc7 18. Ne3 Qc6 19. Ng4 Nxh3+ 20. gxh3 Qxf3 21. Qxf3 Kg7 22. Nxh6 Bxf3 23. Ng4 f5 24. Ne3 e5 25. Bg2 Bxg2 26. Kxg2 f4 27. Nd5 Ra8 28. Nc7 Rxa1 29. Nxe8+ Kf7 30. Nxd6+ Ke6 31. Rxa1 Kxd6 32.
dxe5+ Nxe5 33. Bxf4 Ke6 34. Re1 Kf5 35. Bxe5 g5 36. Kf3 h5 37. Bg3 g4+ 38. hxg4+ hxg4+ 39. Kg2 Kf6 40. Re5 Kg6 41. Rb5 Kf6 42. Rxb6+ Kf5 43. Rd6 Kg5 44. c4 1-0

[Event "*** Titled Tuesday 3|2 Blitz"]
[Site "Chess.com"]
[Date "2016.02.02"]
[Round "6"]
[White "kesarev"]
[Black "Danirod"]
[Result "0-1"]
[WhiteElo "2170"]
[BlackElo "2382"]
[TimeControl "180+2"]
[EndTime "12:16:10 PST"]
[Termination "Danirod won by resignation"]

1. e4 c5 2. c3 d5 3. exd5 Qxd5 4. d4 Nc6 5. Nf3 e5 6. Be2 exd4 7. cxd4 cxd4 8. O-O Nf6 9. Re1 Be7 10. Na3 O-O 11.
Bc4 Qc5 12. Bf4 Bg4 13. Rc1 Qh5 14. Be2 Bb4 15. h3 Bxf3 16. Bxf3 Qf5 17. Bd2 Bxd2 18. Qxd2 Ne5 19. Bxb7 Rad8 20. Nc4 Nd3 21. g4 Qg6 22. Ne5 Nxe5 23. Rxe5 h6 24. Ba6 Nxg4 25. Bd3 Nxe5+ 26. Bxg6 Nxg6 27. Rc4 Ne5 28. Qc1 Nxc4 29. Qxc4 d3 30.
Qa4 d2 31. Qd1 Rfe8 32. Kg2 Re1 0-1

[Event "*** Titled Tuesday 3|2 Blitz"]
[Site "Chess.com"]
[Date "2016.02.02"]
[Round "6"]
[White "Matibar"]
[Black "FairChess_on_YouTube"]
[Result "1-0"]
[WhiteElo "2523"]
[BlackElo "2711"]
[TimeControl "180+2"]
[EndTime "12:16:31 PST"]
[Termination "Matibar won by resignation"]

1. e4 c5 2. Nf3 e6 3. d4 cxd4 4. Nxd4 a6 5. Nc3 Qc7 6. Bd3 Nc6 7. Nb3 Nf6 8. f4 Bb4 9. O-O Bxc3 10. bxc3 d6 11. c4 O-O 12. Bb2 e5 13. fxe5 Nxe5 14. Rxf6 gxf6 15. Qf1 Qe7 16. Nd4 Kh8 17. Qf4 Rg8 18.
Rf1 Rg6 19. Nf3 Bh3 20. Nh4 Rg4 21. Qxf6+ Qxf6 22. Rxf6 Rxh4 23. Rxd6 Re8 24. gxh3 Rf4 25. Rd8 1-0

[Event "*** Titled Tuesday 3|2 Blitz"]
[Site "Chess.com"]
[Date "2016.02.02"]
[Round "6"]
[White "MateusViageiro"]
[Black "AndrewMcStone"]
[Result "1-0"]
[WhiteElo "2165"]
[BlackElo "1997"]
[TimeControl "180+2"]
[EndTime "12:16:42 PST"]
[Termination "MateusViageiro won on time"]

1. e4 d5 2. exd5 Nf6 3. Bb5+ Bd7 4. Bc4 Bg4 5. Ne2 Nbd7 6. h3 Bh5 7. Nbc3 a6 8. g4 Bg6 9. Nf4 b5 10. Bb3 Nb6 11. a3 Qd6 12. d3 O-O-O 13. Be3 Kb7 14. Qf3 Kb8 15. O-O-O b4 16. Nxg6 hxg6 17. Bf4 Qc5 18. axb4 Qxb4 19. g5 Nfd7 20. Qg3 Qc5 21. d4 1-0

[Event "*** Titled Tuesday 3|2 Blitz"]
[Site "Chess.com"]
[Date "2016.02.02"]
[Round "6"]
[White "LuckyTiger"]
[Black "KNVB"]
[Result "1-0"]
[WhiteElo "2504"]
[BlackElo "2391"]
[TimeControl "180+2"]
[EndTime "12:16:45 PST"]
[Termination "LuckyTiger won on time"]

1. e4 e6 2. d4 d5 3. Nc3 Bb4 4. Bd3 c5 5. a3 Bxc3+ 6. bxc3 dxe4 7. Bxe4 Nf6 8. Bf3 O-O 9. Ne2 Nbd7 10. O-O e5 11.
Ng3 Re8 12. Re1 exd4 13. Rxe8+ Qxe8 14. cxd4 cxd4 15. Qxd4 Ne5 16. Be2 Bd7 17. Bb2 Ng6 18.
h4 h6 19. h5 Nf8 20. Bd3 N8h7 21. Qb4 b6 22. Re1 Qf8 23. Re7 Re8 24. Bxh7+ Kxh7 25. Bxf6 gxf6 26. Rxd7 1-0

[Event "*** Titled Tuesday 3|2 Blitz"]
[Site "Chess.com"]
[Date "2016.02.02"]
[Round "6"]
[White "ethylalcohol"]
[Black "manubibi"]
[Result "0-1"]
[WhiteElo "1719"]
[BlackElo "2389"]
[TimeControl "180+2"]
[EndTime "12:16:48 PST"]
[Termination "manubibi won on time"]

1. e4 c5 2. Nc3 d6 3. g3 Nc6 4. Bg2 g6 5. d3 Bg7 6. Nge2 e5 7. Be3 Nge7 8. Qd2 Nd4 9. O-O O-O 10. f4 exf4 11. Bxf4 Be6 12. Nxd4 cxd4 13. Nd5 Bxd5 14. exd5 Nf5 15. Rae1 Qb6 16. Kh1 Qxb2 17. Rb1 Qxa2 18. Rxb7 Ne3 19. Bxe3 dxe3 20. Qxe3 Qxc2 21. Rxa7 Rxa7 22.
Qxa7 Qxd3 23. Qe7 Be5 24. Qd7 h5 25. Qe7 Kg7 26. Qg5 Re8 27. Qh4 Qe3 0-1

[Event "*** Titled Tuesday 3|2 Blitz"]
[Site "Chess.com"]
[Date "2016.02.02"]
[Round "6"]
[White "Gabrielian_Artur"]
[Black "arnacman"]
[Result "0-1"]
[WhiteElo "2461"]
[BlackElo "2260"]
[TimeControl "180+2"]
[EndTime "12:17:00 PST"]
[Termination "arnacman won by resignation"]

1. e4 c5 2. Nf3 d6 3. d4 cxd4 4. Nxd4 Nf6 5. Nc3 a6 6. Be3 e5 7. Nb3 Be7 8. f3 Be6 9. Qd2 O-O 10. O-O-O b5 11. g4 Nbd7 12. g5 b4 13. Ne2 Ne8 14. f4 exf4 15. Bxf4 a5 16. Kb1 Nb6 17. Ned4 a4 18. Nc6 Qd7 19. Nbd4 b3 20. cxb3 axb3 21.
a3 d5 22. Nxe7+ Qxe7 23. Nc6 Qb7 24. Rc1 Nc4 25. Bxc4 dxc4 26. Nd8 Qxe4+ 27. Ka1 c3 28. Qe3 Rxa3+ 0-1

[Event "*** Titled Tuesday 3|2 Blitz"]
[Site "Chess.com"]
[Date "2016.02.02"]
[Round "6"]
[White "Grootneus"]
[Black "HansCoolNiemann"]
[Result "0-1"]
[WhiteElo "2028"]
[BlackElo "2229"]
[TimeControl "180+2"]
[EndTime "12:17:24 PST"]
[Termination "HansCoolNiemann won by resignation"]

1. e4 e6 2. d4 d5 3. Nc3 Nf6 4. Bg5 dxe4 5. Nxe4 Be7 6. Bxf6 gxf6 7. Nf3 f5 8. Ned2 c5 9. Nb3 cxd4 10. Qxd4 Qxd4 11. Nfxd4 a6 12. O-O-O b5 13. Be2 Bb7 14. Bf3 Bxf3 15. Nxf3 Nd7 16. Rhe1 Nf6 17. Ne5 Rc8 18.
Nd4 Ne4 19. f3 Bg5+ 20. Kb1 Nf2 21. Rd3 Nxd3 22. Nxd3 O-O 23. Nb4 Bf6 24. Nb3 Ra8 25. Nc5 a5 26. Nbd3 Rfd8 27. b3 a4 28. Nf4 axb3 29.
cxb3 Rd2 30. Nh5 Bh8 31. a4 bxa4 32. bxa4 Rb2+ 33. Kc1 Rc8 0-1

[Event "*** Titled Tuesday 3|2 Blitz"]
[Site "Chess.com"]
[Date "2016.02.02"]
[Round "6"]
[White "kharposh"]
[Black "rikyshi"]
[Result "0-1"]
[WhiteElo "2050"]
[BlackElo "2070"]
[TimeControl "180+2"]
[EndTime "12:17:25 PST"]
[Termination "rikyshi won by resignation"]

1. e4 e6 2. d4 d5 3. Nd2 h6 4.
Ngf3 Nf6 5. e5 Nfd7 6. c3 c5 7. Nb3 Nc6 8. Be3 Be7 9. Be2 a5 10.
O-O a4 11. Nbd2 a3 12. b3 cxd4 13. cxd4 O-O 14. Rb1 Nb4 15. Ra1 f5 16. Ne1 f4 17.
Nd3 Nxd3 18. Bxd3 fxe3 19. fxe3 Rxf1+ 20. Qxf1 Bg5 21. Bg6 Nf8 22. Bf7+ Kh8 23. Qd3 Bd7 24. Rf1 Ra5 25. Qc3 Ra6 26. Nf3 Rc6 27. Qd3 Be7 28.
Kh1 Bb4 29. g3 Rc3 30. Qe2 Qb6 31. Nh4 Bb5 32. Ng6+ Nxg6 33. Qh5 Bxf1 34. Qxg6 Rc1 35. h4 Bd3+ 0-1